 Dungeon Crawl Stone Soup version 0.25.0-1-g7eea58d2a3 (webtiles) character file.

Game seed: 5029635718302230961

2578 xccam the Cleaver (level 9, -2/79 HPs)
             Began as a Minotaur Berserker on June 13, 2020.
             Was an Elder of Trog.
             Slain by an orc warrior
             ... wielding a +0 dire flail
              (21 damage)
             ... on level 6 of the Dungeon.
             The game lasted 00:08:54 (5025 turns).

xccam the Cleaver (Minotaur Berserker)              Turns: 5025, Time: 00:08:54

Health: -2/79      AC: 11    Str: 24    XL:     9   Next: 32%
Magic:  8/8        EV: 15    Int:  4    God:    Trog [****..]
Gold:   333        SH:  0    Dex: 11    Spells: 8/8 levels left

rFire    + . .     SeeInvis .   b - +0 war axe
rCold    . . .     Gourm    .   (no shield)
rNeg     . . .     Faith    .   p - +0 chain mail
rPois    .         Spirit   .   (helmet restricted)
rElec    .         Reflect  .   (no cloak)
rCorr    .         Harm     .   v - +0 pair of gloves
MR       .....                  (no boots)
Stlth    ..........             (no amulet)
HPRegen  0.23/turn              m - ring of protection from fire
MPRegen  0.11/turn              o - +4 ring of evasion

@: berserk cooldown, slowed, very slow
A: retaliatory headbutt, horns 2
a: Berserk, Trog's Hand, Brothers in Arms, Renounce Religion


You were on level 6 of the Dungeon.
You worshipped Trog.
Trog was greatly pleased with you.
You were near starving.

You visited 1 branch of the dungeon, and saw 6 of its levels.

You collected 333 gold pieces.

Inventory:

Hand Weapons
 b - a +0 war axe (weapon)
Armour
 a - a +0 ring mail of magic resistance
 p - a +0 chain mail (worn)
 v - a +0 pair of gloves (worn)
Jewellery
 g - an uncursed ring of ice
 m - a ring of protection from fire (left hand)
 o - a +4 ring of evasion (right hand)
 s - an uncursed ring of magical power {unknown}
Wands
 n - a wand of paralysis (9)
Scrolls
 e - a scroll of blinking
 h - a scroll of random uselessness {unknown}
 i - a scroll of noise {unknown}
 l - 2 scrolls of remove curse {unknown}
 t - 2 scrolls of fog {unknown}
 u - a scroll of magic mapping {unknown}
Potions
 d - a potion of invisibility
 f - 6 potions of curing
 j - a potion of heal wounds {unknown}
 q - a potion of resistance
 r - a potion of flight {unknown}
Comestibles
 c - 10 rations
 k - 4 chunks of flesh


   Skills:
 + Level 7.0 Fighting
 * Level 11.4 Axes
 + Level 6.4 Armour
 + Level 5.9 Dodging


You had 8 spell levels left.
You didn't know any spells.
Your spell library was empty.

Dungeon Overview and Level Annotations

Branches:
Dungeon (6/15)
 Temple: D:4-7

Altars:
Ashenzari
Trog


Innate Abilities, Weirdness & Mutations

You reflexively headbutt those who attack you in melee.
You have a pair of horns on your head.


Message History

Press: ? - help, Shift-Dir - straight line, f - orc warrior, p - orc
Aim: an orc warrior, wielding a +0 dire flail, wearing a +0 chain mail and quivering 17 stones (chance to defeat MR: 46%)
The orc warrior resists with some effort.
The orc warrior hits you but does no damage.
Evoke which item? (* to show all) (? for menu, Esc to quit)
Aiming: Paralyse
Press: ? - help, Shift-Dir - straight line, f/p - orc warrior
Aim: an orc warrior, wielding a +0 dire flail, wearing a +0 chain mail and quivering 17 stones (chance to defeat MR: 46%)
The orc warrior resists with some effort.
The orc warrior misses you.
The orc warrior hits you with a +0 dire flail.
* * * LOW HITPOINT WARNING * * *
Evoke which item? (* to show all) (? for menu, Esc to quit)
Aiming: Paralyse
Press: ? - help, Shift-Dir - straight line, f/p - orc warrior
Aim: an orc warrior, wielding a +0 dire flail, wearing a +0 chain mail and quivering 17 stones (chance to defeat MR: 46%)
The orc warrior resists with some effort.
The orc is no longer paralysed.
The orc warrior hits you with a +0 dire flail!!
You die...

≈≈≈≈≈≈≈≈...# #.##.## ≈≈≈
≈≈≈≈≈≈≈≈>..# #....#
≈≈≈≈≈≈≈≈≈≈≈≈≈...####.####
≈≈≈≈≈≈≈≈≈≈≈≈≈.(......#
≈≈≈≈≈≈≈≈≈≈≈≈≈(.#####.#
#.....#####.#(.# #.#
.......## #....# #.#
.......≈#####.######..
...?...oo@...(.....##.#
.......o##########.##.#
........$.# #.##.#
........#>..# #..#<####
..........#.# #.).....
.!....... . # #..#...
............ #.#...
.......... .# #<....
o.o.........# ###...


You could see an orc warrior and 2 orcs.

Vanquished Creatures
  5 yaks (D:6)
  Sigmund (D:4)
  2 fire bats (D:4)
  An ice beast (D:4)
  2 sky beasts
  An orc warrior (D:4)
  2 phantoms (D:4)
  2 centaurs (D:5)
  3 jellies
  An orc wizard (D:4)
  3 orc priests
  2 bullfrog skeletons (D:5)
  A centaur skeleton (D:3)
  4 hounds
  An iguana (D:5)
  A worker ant (D:4)
  11 adders
  A shadow imp (D:3)
  An adder zombie (D:6)
  3 worms
  4 dart slugs
  6 leopard geckos
  21 orcs
  3 ball pythons
  8 bats
  5 giant cockroaches
  4 goblins
  13 hobgoblins
  4 jackals (D:3)
  9 kobolds
  5 quokkas
  10 frilled lizards
  A quokka skeleton (D:4)
  12 rats
153 creatures vanquished.

Notes
Turn   | Place    | Note
-------+----------+-------------------------------------------
     0 | D:1      | xccam the Minotaur Berserker began the quest for the Orb.
     0 | D:1      | Reached XP level 1. HP: 19/19 MP: 0/0
    19 | D:1      | Reached skill level 4 in Axes
   126 | D:1      | Reached XP level 2. HP: 10/26 MP: 1/1
   760 | D:1      | Reached skill level 5 in Axes
   771 | D:1      | Reached XP level 3. HP: 30/31 MP: 2/2
  1002 | D:2      | Reached ** piety under Trog
  1121 | D:2      | Reached skill level 6 in Axes
  1121 | D:2      | Reached XP level 4. HP: 36/39 MP: 3/3
  1207 | D:2      | Found a faded altar of an unknown god.
  1878 | D:3      | Reached XP level 5. HP: 42/45 MP: 4/4
  1888 | D:3      | Reached skill level 7 in Axes
  2221 | D:3      | Reached *** piety under Trog
  2553 | D:4      | Noticed Sigmund
  2555 | D:4      | Noticed a phantom
  2561 | D:4      | Killed Sigmund
  2561 | D:4      | Reached skill level 8 in Axes
  2561 | D:4      | Reached XP level 6. HP: 52/52 MP: 5/5
  2824 | D:4      | Found a transporter.
  2844 | D:4      | Reached XP level 7. HP: 59/60 MP: 6/6
  2930 | D:4      | Reached skill level 9 in Axes
  3114 | D:4      | Found a transporter.
  3120 | D:4      | Noticed a fire bat
  3120 | D:4      | Noticed a fire bat
  3375 | D:4      | Killed a fire bat
  3375 | D:4      | Reached skill level 5 in Fighting
  3381 | D:4      | Killed a fire bat
  3381 | D:4      | Reached XP level 8. HP: 47/69 MP: 7/7
  3785 | D:4      | Reached skill level 10 in Axes
  4040 | D:5      | Entered Level 5 of the Dungeon
  4048 | D:5      | Reached skill level 5 in Armour
  4213 | D:5      | Found a shattered altar of Ashenzari.
  4375 | D:5      | Reached skill level 5 in Dodging
  4558 | D:5      | Reached **** piety under Trog
  4633 | D:5      | Noticed a moth of wrath
  4635 | D:5      | Found a bloodstained altar of Trog.
  4991 | D:6      | Reached skill level 11 in Axes
  4991 | D:6      | Reached XP level 9. HP: 52/78 MP: 8/8
  5025 | D:6      | Slain by an orc warrior

Illustrated notes

Levels and vault maps discovered:
D:1:      minmay_arrival_statue_studded, layout_basic
D:2:      wad_pebble_path, layout_rooms, chequers_ecumenical_altar_simple_redux
D:3:      layout_loops_ring
D:4:      gammafunk_cloud_chamber, layout_loops_cross, first_ration,
          minmay_ruptured, uniq_sigmund
D:5:      layout_cave_pools, cheibrodos_ashenzari_chains, tgw_trog
D:6:      nicolae_whirlpool, layout_rooms, lightli_church_of_beogh

Skill      XL: |  1  2  3  4  5  6  7  8  9 |
---------------+----------------------------+-----
Axes           | 4 5 6 8 9 11 | 11.4
Fighting       | 4 5 6 7 |  7.0
Armour         | 3 4 6 |  6.4
Dodging        | 3 4 5 |  5.9

Action                   |  1- 3 |  4- 6 |  7- 9 || total
-------------------------+-------+-------+-------++-------
Melee: Hand axe          |    68 |   132 |       ||   200
       Headbutt          |     6 |    21 |    27 ||    54
       War axe           |       |     2 |   176 ||   178
Invok: Berserk           |     1 |     1 |     2 ||     4
       Trog's Hand       |     1 |     2 |     4 ||     7
Evoke: Wand              |       |       |     4 ||     4
  Use: Scroll            |       |       |     5 ||     5
 Stab: Sleeping          |       |     1 |       ||     1
  Eat: Chunk             |     2 |     7 |     9 ||    18
Armor: Animal skin       |    12 |    22 |       ||    34
       Leather armour    |       |     1 |       ||     1
       Ring mail         |       |       |    28 ||    28
       Chain mail        |       |       |    16 ||    16
Dodge: Dodged            |    55 |    92 |   135 ||   282
